 Dungeon Crawl Stone Soup version 0.29.1-12-g30fa7ad0bf (webtiles) character file.

Game seed: 6861398190892503155

86 hawla the Firebug (level 5, -8/38 HPs)
             Began as a Meteoran Fire Elementalist on Jan 7, 2023.
             Mangled by a gnoll
             ... wielding a +0 flail
             ... led by a gnoll bouda
              (12 damage)
             ... on level 4 of the Dungeon.
             The game lasted 00:02:20 (179 turns).

hawla the Firebug (Meteoran Fire Elementalist)       Turns: 179, Time: 00:02:20

Health: -8/38      AC:  2    Str:  9    XL:     5   Next: 7%
Magic:  0/11       EV: 13    Int: 18    God:
Gold:   48         SH:  0    Dex: 15    Spells: 3/10 levels left

rFire   . . .      SeeInvis .   (no weapon)
rCold   . . .      Faith    .   (no shield)
rNeg    . . .      Spirit   .   a - +0 robe
rPois   .          Reflect  .   (no helmet)
rElec   .          Harm     .   (no cloak)
rCorr   .          Rampage  .   (no gloves)
Will    .....                   (no boots)
Stlth   +.........              (no amulet)
HPRegen 0.12/turn               (no ring)
MPRegen 0.12/turn               (no ring)

@: very slightly contaminated, glowing
A: sense surroundings 1, otherworldly, glowing, explore regen
a: no special abilities


You were on level 4 of the Dungeon.
You visited 1 branch of the dungeon, and saw 4 of its levels.

You collected 48 gold pieces.

Inventory:

Armour
 a - a +0 robe (worn)
Potions
 c - a potion of curing {unknown}


   Skills:
 - Level 2.8 Dodging
 - Level 1.4 Stealth
 - Level 3.3 Spellcasting
 + Level 2.7 Conjurations
 - Level 5.0 Fire Magic


You had 3 spell levels left.
You knew the following spells:

 Your Spells              Type           Power      Damage    Failure   Level
a - Foxfire               Conj/Fire      68%        2x1d7     3%          1
b - Scorch                Fire           42%        2d7       3%          2
c - Flame Wave            Conj/Fire      17%        2d7       30%         4

Your spell library contained the following spells:

 Spells                   Type           Power      Damage    Failure   Level
 Conjure Flame            Conj/Fire      17%        6-21      10%         3
 Inner Flame              Hex/Fire       12%        N/A       17%         3


Dungeon Overview and Level Annotations

Branches:
Dungeon (4/15) Zot: 2221
 Temple: D:4-7

Altars:


Innate Abilities, Weirdness & Mutations

You passively map a small area around you.
You are easily found by Zot.
You glow in the dark.
You regain HP and MP as you explore.


Message History

Press: ? - help, Dir - look around, f - activate You miscast Flame Wave.
Nothing appears to happen.
Your attacks no longer feel as feeble.
The gnoll barely misses you. The gnoll misses you.
Unknown command.
Casting: Flame Wave (extremely dangerous; 36% risk of failure)
Confirm with . or Enter, or press ? or * to list all spells.
The spell is extremely dangerous to miscast (36% risk of failure)!
Continue anyway?
Casting: Flame Wave (extremely dangerous; 36% risk of failure)
Press: ? - help, Dir - look around, f - activate A wave of flame ripples out!
The flame wave engulfs the gnoll!
The gnoll is severely wounded.
The flame wave engulfs the gnoll!
You kill the gnoll! (Press . to intensify the flame waves.)
The gnoll misses you.
A wave of flame ripples out!
The flame wave engulfs the gnoll.
You kill the gnoll!
The flame wave engulfs the gnoll.
The gnoll is heavily wounded.
The gnoll misses you.
You have reached level 5!
A wave of flame ripples out!
The flame wave engulfs the gnoll.
The gnoll is heavily wounded.
The flame wave engulfs the gnoll.
The gnoll is moderately wounded.
The flame wave engulfs the gnoll bouda.
The gnoll bouda is lightly wounded.
You finish channelling waves of flame.
You hear a shout! x2
The gnoll hits you with a +0 flail. The gnoll hits you with a +0 flail!
Casting: Flame Wave (extremely dangerous; 30% risk of failure)
Confirm with . or Enter, or press ? or * to list all spells.
You conjure some foxfire!
The gnoll misses you. The gnoll hits you with a +0 flail!
* * * LOW HITPOINT WARNING * * *
The foxfire hits the gnoll bouda.
The gnoll bouda is moderately wounded.
The gnoll attacks as you move away! The gnoll hits you with a +0 flail!
You die...

......#####.. , ,
........... , *
......... , , ,
....... , ~ , ,
....., , ,... , , ,
#+#####)####### * ,,
#.....ggg...... ,
#......@)...... , ,
+.......v........# *
#...##...........# ,
#...#########....#,,
, #.†.##.....##....#
#................# ,
*
#................#,,
,,#................#
, ,
#............<...# ,


You could see a gnoll bouda and 2 gnolls.

Vanquished Creatures
  A hound (D:4)
  3 adders
  2 gnolls (D:4)
  2 endoplasms (D:1)
  A giant cockroach (D:1)
  A hobgoblin (D:2)
  A kobold (D:4)
  A bat (D:1)
  A rat (D:1)
13 creatures vanquished.

Vanquished Creatures (others)
  34 foxfires
34 creatures vanquished.

Grand Total: 47 creatures vanquished

Notes
Turn   | Place    | Note
-------+----------+-------------------------------------------
     0 | D:1      | hawla the Meteoran Fire Elementalist began the quest for
                  | the Orb.
     0 | D:1      | Reached XP level 1. HP: 14/14 MP: 5/5
    68 | D:1      | Reached skill level 4 in Fire Magic
    69 | D:1      | Reached XP level 2. HP: 20/20 MP: 4/6
    77 | D:1      | Learned a level 2 spell: Scorch
    88 | D:2      | Reached XP level 3. HP: 17/26 MP: 2/8
   150 | D:4      | Reached skill level 5 in Fire Magic
   150 | D:4      | Reached XP level 4. HP: 29/33 MP: 5/10
   155 | D:4      | Learned a level 4 spell: Flame Wave
   177 | D:4      | Reached XP level 5. HP: 32/38 MP: 2/11
   179 | D:4      | Mangled by a gnoll

Illustrated notes

Levels and vault maps discovered:
D:1:      grunt_arrival_lava_bath, layout_basic,
          hangedman_decor_clover_reticule, minmay_misc_feat_x
D:2:      layout_basic, serial_park_tiny_2, uniq_natasha, uniq_robin
D:3:      layout_basic, nicolae_yredelemnul_corpse_copse,
          hellmonk_ecumenical_altar_blasted
D:4:      layout_gridville, xom_confusion_cloud, nicolae_ossuary_entry_giza,
          serial_rivers, chequers_serial_rivers_micro_a,
          chequers_serial_rivers_small_b, chequers_serial_rivers_small_b,
          chequers_serial_rivers_micro_d, portal_sewer_entry_f,
          minmay_door_square

Skill      XL: |  1  2  3  4 |
---------------+-------------+-----
Fire Magic     | 4 5 |  5.0
Spellcasting   | 3 |  3.3
Conjurations   | 2 |  2.7
Dodging        | |  2.8
Stealth        | |  1.4

Action                   |  1- 3 |  4- 6 || total
-------------------------+-------+-------++-------
Melee: Unarmed           |     4 |       ||     4
 Cast: Foxfire           |    14 |     6 ||    20
       Scorch            |     3 |     2 ||     5
       Flame Wave        |       |     1 ||     1
  Use: Potion            |       |     1 ||     1
Armor: Robe              |    10 |       ||    10
Dodge: Dodged            |     5 |    10 ||    15
